 Dungeon Crawl Stone Soup version 0.14.0-9-g9c5475a (webtiles) character file.

221 Deemzul the Insei (level 5, -3/29 HPs)
             Began as a Vine Stalker Monk on Apr 14, 2014.
             Killed from afar by an orc wizard (11 damage)
             ... with a puff of frost
             ... on Level 3 of the Dungeon.
             The game lasted 00:02:30 (1660 turns).

Deemzul the Insei (Vine Stalker Monk)               Turns: 1660, Time: 00:02:31

HP  -3/29        AC  2     Str 14      XL: 5   Next:  1%
MP   0/7         EV 10     Int 10      God:
Gold 105         SH 15     Dex 17      Spells:  0 memorised,  4 levels left

rFire  . . .     SeeInvis .       - Unarmed
rCold  . . .     Clarity  .     a - +0 robe
rNeg   . . .     Conserve .     c - +0 shield
rPois  .         rCorr    .     (no helmet)
rElec  .         rRot     +     (no cloak)
SustAb . .       Spirit   +     (no gloves)
rMut   .         Warding  .     (no boots)
Saprov . . .     Stasis   .     (no amulet)
MR     .....                    (no ring)
                                (no ring)

@: not resistant to hostile enchantments, stealthy
A: fangs 2, regeneration 1, magic shield, antimagic bite, no device heal
a: no special abilities


You were on level 3 of the Dungeon.
You were not hungry.

You visited 1 branch of the dungeon, and saw 3 of its levels.

You collected 105 gold pieces.

Inventory:

Armour
 a - a +0 robe (worn)
 c - a +0 shield (worn)
Comestibles
 b - a bread ration
 n - a meat ration
Scrolls
 e - a scroll of remove curse {unknown}
 f - a scroll of enchant weapon I {unknown}
 g - 3 scrolls of identify {unknown}
 h - a scroll of teleportation {unknown}
 i - a scroll of recharging {unknown}
 j - a scroll of enchant armour {unknown}
 m - a scroll of magic mapping {unknown}
Potions
 d - 2 potions of curing
 k - a potion of mutation {unknown}


   Skills:
 + Level 3.7 Fighting
 - Level 2.4 Dodging
 + Level 3.5 Stealth
 * Level 5.0 Unarmed Combat


You had 4 spell levels left.
You didn't know any spells.

Dungeon Overview and Level Annotations

Branches:
Dungeon (3/15)

Altars:


Innate Abilities, Weirdness & Mutations

You are immune to rotting.
You have extremely sharp teeth.
Your natural rate of healing is unusually fast.
When hurt, damage is shared between your health and your magic reserves.
Your bite disrupts and absorbs the magic of your enemies.
Potions and wands cannot restore your HP.


Message History

The orc wizard seems to speed up.
The giant cockroach bites you but does no damage.
You hit the giant cockroach.
You kill the giant cockroach!
Your Unarmed Combat skill increases to level 5!
The orc closely misses you.
You barely miss the orc. You hit the orc wizard.
The orc wizard is lightly wounded.
The orc wizard points at you and mumbles some strange words.
The puff of frost hits you!
You hit the orc wizard but do no damage.
Your bite misses the orc wizard.
The orc wizard is lightly wounded.
The orc wizard casts a spell at you. The magic dart hits you!
* * * LOW HITPOINT WARNING * * *
The orc wizard gestures at you while chanting.
The puff of frost hits you!
You die...

§≈≈≈≈≈..#
......)##
#.......#
#.......###
#####.......?..
.............#
#oo.)...#
##o###### ##@.#
#..## #.##
##'#########
#..........#
+..........+
#..........#
#..........#
#....))%...#


You could see an orc wizard and an orc.

Vanquished Creatures
  4 adders (D:2)
  3 worms (D:2)
  A giant gecko (D:2)
  2 orcs (D:3)
  4 bats (D:2)
  6 giant cockroaches
  6 hobgoblins
  6 jackals (D:3)
  7 kobolds
  A ball python (D:2)
  4 giant newts
  10 goblins
  10 rats
64 creatures vanquished.

Vanquished Creatures (others)
  A goblin (D:1)
1 creature vanquished.

Grand Total: 65 creatures vanquished

Notes
Turn   | Place    | Note
--------------------------------------------------------------
     0 | D:1      | Deemzul, the Vine Stalker Monk, began the quest for the Orb.
     0 | D:1      | Reached XP level 1. HP: 11/11 MP: 1/1
   268 | D:1      | Reached XP level 2. HP: 13/16 MP: 3/3
   780 | D:2      | Reached XP level 3. HP: 20/20 MP: 4/4
   935 | D:2      | HP: 1/20 [poisoned by an adder]
   999 | D:2      | Reached XP level 4. HP: 13/24 MP: 1/5
  1654 | D:3      | Reached XP level 5. HP: 19/29 MP: 7/7
  1655 | D:3      | Reached skill level 5 in Unarmed Combat
  1660 | D:3      | Killed from afar by an orc wizard

Action                   |  1- 3 |  4- 6 || total
-------------------------+-------+-------++-------
Melee: Unarmed           |   110 |   101 ||   211
  Use: Potion            |     4 |       ||     4
 Stab: Sleeping          |     2 |       ||     2
